 Dungeon Crawl Stone Soup version 0.20-a0-903-g7e3609c (webtiles) character file.

47862 Hook the Fighter (level 14, 0/135 HPs)
             Began as a Demonspawn Gladiator on Mar 20, 2017.
             Was a Priest of Wu Jian.
             Slain by a 19-headed hydra (9 damage)
             ... on level 13 of the Dungeon.
             The game lasted 01:36:33 (25241 turns).

Hook the Fighter (Demonspawn Gladiator)            Turns: 25241, Time: 01:36:34

Health: 0/135      AC: 25    Str: 20    XL:     14   Next: 10%
Magic:  0/14       EV: 16    Int: 10    God:    Wu Jian [***...]
Gold:   835        SH: 13    Dex: 18    Spells: 13/13 levels left

rFire    . . .     SeeInvis +   J - +0 long sword (protect)
rCold    . . .     Gourm    .   g - +3 ring mail of Baas {rCorr Dex+4 Stlth+}
rNeg     . . .     Faith    .   M - +0 shield
rPois    .         Spirit   +   (helmet unavailable)
rElec    .         Reflect  +   V - +1 cloak {MR+}
rCorr    +         Harm     .   D - +0 pair of gloves
MR       ++...                  T - +1 pair of boots
Stlth    ++........             u - +2 amulet of reflection
Regen    0.4/turn               W - ring of see invisible
MPRegen  0.3/turn               K - ring of wizardry

@: protection aura
A: antennae 3, rugged brown scales 2, robust 1, spiny 2, magic shield, magic
regeneration
a: Renounce Religion


You were on level 13 of the Dungeon.
You worshipped Wu Jian.
Wu Jian was most pleased with you.
You were not hungry.

You visited 4 branches of the dungeon, and saw 18 of its levels.

You collected 1515 gold pieces.
You spent 680 gold pieces at shops.

Inventory:

Hand Weapons
 y - a +0 falchion of draining
 J - a +0 long sword of protection (weapon)
 P - a +0 shortbow
Missiles
 O - 288 arrows
 Z - 9 tomahawks (quivered)
Armour
 c - a +2 chain mail of cold resistance
 g - the +3 ring mail of Baas (worn) {rCorr Dex+4 Stlth+}
   (You found it on level 6 of the Dungeon)

   It affects your dexterity (+4).
   It protects you from acid and corrosion.
   It makes you more stealthy.
 h - a +2 ring mail of fire resistance
 D - a +0 pair of gloves (worn)
 F - the +3 robe of Folly {Archmagi, MR-- Int+5}
   (You found it on level 11 of the Dungeon)

   It affects your intelligence (+5).
   It affects your resistance to hostile enchantments.
 M - a +0 shield (worn)
 T - a +1 pair of boots (worn)
 V - a +1 cloak of magic resistance (worn)
Jewellery
 u - a +2 amulet of reflection (around neck)
 K - a ring of wizardry (left hand)
 W - a ring of see invisible (right hand)
Wands
 a - a wand of disintegration (15/24)
 b - a wand of lightning (4/15)
 e - a wand of lightning (8/15)
 o - a wand of paralysis (11/24)
 v - a wand of iceblast (8/15)
 G - a wand of clouds (5/9)
 H - a wand of lightning (8/15)
 L - a wand of confusion (26/48)
 Q - a wand of iceblast (5/15)
Scrolls
 d - 3 scrolls of amnesia
 j - 2 scrolls of identify
 n - 5 scrolls of magic mapping
 q - 7 scrolls of remove curse
 r - a scroll of recharging
 w - a scroll of fog
 C - 3 scrolls of random uselessness
 E - a scroll of torment {unknown}
 U - 4 scrolls of immolation
Potions
 i - 3 potions of lignification
 k - 3 potions of mutation
 l - 2 potions of flight {unknown}
 p - a potion of haste {unknown}
 s - a potion of agility
 t - a potion of degeneration {unknown}
 x - 2 potions of brilliance {unknown}
 z - a potion of ambrosia {unknown}
Books
 B - a book of Debilitation

   Spells                             Type                      Level
   a - Corona                         Hexes                        1
   b - Slow                           Hexes                        2
   c - Inner Flame                    Hexes/Fire                   3
   d - Portal Projectile              Hexes/Translocation          3
   e - Cause Fear                     Hexes                        4
   f - Leda's Liquefaction            Hexes/Earth                  4
 I - a book of Cantrips

   Spells                             Type                      Level
   a - Confusing Touch                Hexes                        1
   b - Animate Skeleton               Necromancy                   1
   c - Summon Small Mammal            Summoning                    1
   d - Apportation                    Translocation                1
 S - a book of Minor Magic

   Spells                             Type                      Level
   a - Magic Dart                     Conjuration                  1
   b - Blink                          Translocation                2
   c - Call Imp                       Summoning                    2
   d - Slow                           Hexes                        2
   e - Conjure Flame                  Conjuration/Fire             3
   f - Mephitic Cloud                 Conjuration/Poison/Air       3
 Y - a book of Changes

   Spells                             Type                      Level
   a - Beastly Appendage              Transmutation                1
   b - Sticks to Snakes               Transmutation                2
   c - Spider Form                    Transmutation/Poison         3
   d - Ice Form                       Ice/Transmutation            4
   e - Blade Hands                    Transmutation                5
Comestibles
 f - 8 bread rations
 m - 14 royal jellies
 N - 5 fruits


   Skills:
 * Level 13.3 Fighting
 + Level 12.6 Long Blades
 - Level 1.7 Throwing
 + Level 9.8 Armour
 - Level 8.7 Dodging
 * Level 7.3 Shields


You had 13 spell levels left.
You didn't know any spells.

Dungeon Overview and Level Annotations

Branches:
Dungeon (14/15)            Temple (1/1) D:4            Lair (0/6) D:11
    Orc (2/2) D:11            Elf (1/3) Orc:2
 Vaults: D:13-14

Altars:
Ashenzari
Cheibriados
Dithmenos
Elyvilon
Fedhas
Gozag
Hepliaklqana
Kikubaaqudgha
Makhleb
Nemelex Xobeh
Okawaru
Qazlal
Ru
Sif Muna
Trog
Uskayaw
Vehumet
Wu Jian
Xom
Yredelemnul
Zin
The Shining One
Beogh

Shops:
D:6 (   D:7 (   D:10 [*%*(   D:13 *   Orc:2 ([!*

Annotations:
Elf:1 dvd's ghost, adept DEFE


Innate Abilities, Weirdness & Mutations

You have a pair of large antennae on your head. (SInv)
You are mostly covered in rugged brown scales. (AC +2, +5% HP)
You are robust. (+10% HP)
You are mostly covered in sharp spines.
When hurt, damage is shared between your health and your magic reserves.
You regenerate magic rapidly.


Message History

The 19-headed hydra is lightly wounded.
The 19-headed hydra bites you.
* * * LOW HITPOINT WARNING * * *
The 19-headed hydra misses you. You block the 19-headed hydra's attack.
The 19-headed hydra bites you but does no damage.
You block the 19-headed hydra's attack. The 19-headed hydra barely misses you.
The 19-headed hydra bites you.
* * * LOW HITPOINT WARNING * * *
You block the 19-headed hydra's attack.
The 19-headed hydra bites you but does no damage. x3
The 19-headed hydra bites you!
* * * LOW HITPOINT WARNING * * *
The 19-headed hydra barely misses you. The 19-headed hydra bites you.
* * * LOW HITPOINT WARNING * * *
The 19-headed hydra bites you.
* * * LOW HITPOINT WARNING * * *
The 19-headed hydra bites you!
* * * LOW HITPOINT WARNING * * *
The 19-headed hydra closely misses you. The 19-headed hydra bites you!
You die...

######### ########## #####
#...@...# #.>....... ....#
#....D..# #.######## ....#
#.......# #...#..).. ....###
#.......# #.#.#.###. ....'.#
#..(..<.# #.#.....#. ....#.##
#.......# #.#######. ....#..####
#.......# #...#.....
....##....###.......######.#.###.
....#####..##.......#......#.#.#.


You could see a 19-headed hydra.

Vanquished Creatures
  Saint Roka (Orc:2)
  Snorg (Orc:1)
  5 vault guards (D:14)
  A hydra (D:11)
  6 two-headed ogres
  A dancing weapon (Elf:1)
  2 centaur warriors
  3 death yaks (D:11)
  A deep elf knight (Orc:2)
  6 deep elf magi
  2 orc knights (Orc:2)
  5 orc sorcerers
  A cyclops (D:11)
  4 ugly things
  3 centaur zombies
  5 gargoyles
  An efreet (D:13)
  2 queen bees
  4 trolls
  Grinder (D:5)
  A hornet (D:13)
  2 hippogriffs
  4 slime creatures (D:13)
  A shadow (D:12)
  Sigmund (D:3)
  A vampire (D:13)
  A basilisk (D:14)
  33 yaks
  Grum (D:10)
  2 hungry ghosts
  A steam dragon (D:9)
  A warg (Orc:2)
  Edmund (D:5)
  An acid dragon (D:11)
  37 orc warriors
  5 sky beasts
  3 black bears
  7 ice beasts
  A hornet zombie (D:7)
  3 phantoms
  A necrophage (D:8)
  5 ogres
  2 wolves
  12 centaurs
  8 bullfrogs
  5 big kobolds
  A gnoll sergeant (D:11)
  An earth elemental (Orc:2)
  A water moccasin skeleton (D:8)
  2 scorpions
  38 killer bees
  3 howler monkeys (D:12)
  4 crimson imps
  A bullfrog zombie (D:11)
  4 jellies
  27 orc wizards
  A quasit (D:7)
  7 centaur skeletons
  20 orc priests
  Crazy Yiuf (D:2)
  6 hounds
  2 bullfrog skeletons
  A hell rat (D:11)
  14 worker ants
  Natasha (thrice) (D:3)
  3 iguanas
  2 hound zombies (D:7)
  Robin (D:2)
  2 howler monkey skeletons
  13 adders
  2 shadow imps
  6 worms
  5 leopard geckos
  91 orcs
  A giant cockroach (D:7)
  7 goblins
  8 hobgoblins
  12 jackals
  16 kobolds
  4 quokkas
  3 bats
  4 frilled lizards
  A jackal skeleton (D:4)
  A leopard gecko skeleton (D:6)
  2 quokka skeletons
  2 quokka zombies
  5 rats
523 creatures vanquished.

Vanquished Creatures (others)
  An orc wizard (Orc:2)
  An orc (D:4)
  A quokka (D:4)
3 creatures vanquished.

Grand Total: 526 creatures vanquished

Notes
Turn   | Place    | Note
-------+----------+-------------------------------------------
     0 | D:1      | Hook the Demonspawn Gladiator began the quest for the Orb.
     0 | D:1      | Reached XP level 1. HP: 16/16 MP: 1/1
   383 | D:1      | Gained mutation: You are partially covered in sharp spines. [demonic ancestry]
   383 | D:1      | Reached XP level 2. HP: 22/22 MP: 2/2
   758 | D:2      | Noticed Robin
   760 | D:1      | Gained mutation: You are partially covered in rugged brown scales. (AC +1, +3% HP) [demonic ancestry]
   760 | D:1      | Reached XP level 3. HP: 23/28 MP: 3/3
   918 | D:2      | Killed Robin
  1347 | D:2      | Found a blossoming altar of Fedhas.
  1362 | D:2      | Found an iron altar of Okawaru.
  1449 | D:2      | Found a runed door.
  1690 | D:2      | Gained mutation: You have a pair of small antennae on your head. [demonic ancestry]
  1690 | D:2      | Reached XP level 4. HP: 35/35 MP: 4/4
  2068 | D:2      | Noticed Crazy Yiuf
  2074 | D:2      | Killed Crazy Yiuf
  2231 | D:3      | Noticed an ogre
  2657 | D:3      | Noticed Natasha
  2674 | D:3      | Killed Natasha
  2674 | D:3      | Reached skill level 1 in Armour
  2724 | D:3      | Noticed Sigmund
  2733 | D:3      | Killed Sigmund
  2733 | D:3      | Reached skill level 3 in Fighting
  2733 | D:3      | Gained mutation: You have a pair of antennae on your head. [demonic ancestry]
  2733 | D:3      | Reached XP level 5. HP: 13/42 MP: 5/5
  2733 | D:3      | Gained mutation: When hurt, damage is shared between your health and your magic reserves. [demonic ancestry]
  2733 | D:3      | Reached XP level 6. HP: 15/48 MP: 6/6
  2936 | D:3      | Noticed Natasha
  2943 | D:3      | Killed Natasha
  3214 | D:3      | Noticed Natasha
  3219 | D:3      | Killed Natasha
  3524 | D:4      | Reached skill level 4 in Fighting
  3634 | D:4      | Found a white marble altar of Elyvilon.
  3646 | D:4      | Found a hide-covered altar of Uskayaw.
  3750 | D:4      | Gained mutation: You have a pair of large antennae on your head. (SInv) [demonic ancestry]
  3750 | D:4      | Reached XP level 7. HP: 27/56 MP: 3/7
  4001 | D:5      | Entered Level 5 of the Dungeon
  4067 | D:5      | Noticed Edmund
  4089 | D:6      | Reached skill level 5 in Long Blades
  4118 | D:6      | Reached skill level 5 in Dodging
  4262 | D:6      | Reached skill level 5 in Fighting
  4431 | D:6      | Gained mutation: You are mostly covered in sharp spines. [demonic ancestry]
  4431 | D:6      | Reached XP level 8. HP: 58/64 MP: 6/8
  4486 | D:6      | Found Minotzur's Weapon Shoppe.
  4489 | D:6      | Found a shattered altar of Ashenzari.
  4580 | D:5      | Found a glowing golden altar of the Shining One.
  4763 | D:5      | Killed Edmund
  4944 | D:5      | Noticed Grinder
  5338 | D:5      | Reached skill level 6 in Fighting
  5541 | D:5      | Paralysed by Grinder for 5 turns
  5590 | D:5      | Paralysed by Grinder for 5 turns
  6327 | D:4      | Found a staircase to the Ecumenical Temple.
  6384 | Temple   | Entered the Ecumenical Temple
  6431 | Temple   | Became a worshipper of the Wu Jian Council
  6562 | D:4      | Found a bloodstained altar of Trog.
  7023 | D:5      | Killed Grinder
  7291 | D:6      | Got an ancient ring mail
  7295 | D:6      | Identified the +3 ring mail of Baas {rCorr Dex+4 Stlth+} (You found it on level 6 of the Dungeon)
  7318 | D:6      | Gained mutation: You are mostly covered in rugged brown scales. (AC +2, +5% HP) [demonic ancestry]
  7318 | D:6      | Reached XP level 9. HP: 62/74 MP: 9/9
  7424 | D:6      | Reached skill level 7 in Fighting
  8243 | D:7      | Found Agidus's Antique Weapon Emporium.
  8354 | D:7      | Reached * piety under Wu Jian
  8713 | D:7      | Reached skill level 8 in Fighting
  9235 | D:8      | Noticed a seven-headed hydra
  9749 | D:8      | Noticed a two-headed ogre
  9781 | D:7      | Killed a two-headed ogre
  9781 | D:7      | Reached XP level 10. HP: 35/86 MP: 6/10
 10044 | D:8      | Reached ** piety under Wu Jian
 10682 | D:8      | Reached skill level 9 in Fighting
 11038 | D:9      | Found a sacrificial altar of Ru.
 11055 | D:9      | Noticed a two-headed ogre
 11067 | D:9      | Killed a two-headed ogre
 11211 | D:9      | Found a hazy altar of Hepliaklqana.
 11218 | D:9      | Noticed a two-headed ogre
 11250 | D:9      | Killed a two-headed ogre
 11270 | D:9      | Found a stormy altar of Qazlal.
 11314 | D:10     | Entered Level 10 of the Dungeon
 11314 | D:10     | Found Igalel Fyts's General Store.
 11420 | D:10     | Bought a potion of might for 52 gold pieces
 11474 | D:10     | Gained mutation: You regenerate magic rapidly. [demonic ancestry]
 11474 | D:10     | Reached XP level 11. HP: 94/94 MP: 11/11
 11483 | D:10     | Reached skill level 5 in Armour
 11505 | D:10     | Found Zuipah's Weapon Shoppe.
 11593 | D:10     | Found a deep blue altar of Sif Muna.
 11833 | D:10     | Found Hian Qonigg's Food Emporium.
 11904 | D:10     | Reached *** piety under Wu Jian
 11933 | D:10     | Reached skill level 1 in Shields
 12015 | D:10     | Noticed a centaur warrior
 12036 | D:10     | Killed a centaur warrior
 12102 | D:10     | Found Buxaqu's General Store.
 12189 | D:10     | Reached skill level 10 in Fighting
 12490 | D:10     | Noticed a two-headed ogre
 12526 | D:10     | Killed a two-headed ogre
 12813 | D:9      | Found a sparkling altar of Nemelex Xobeh.
 12994 | D:9      | Reached **** piety under Wu Jian
 13000 | D:9      | Reached skill level 10 in Long Blades
 13877 | D:10     | Found Xyse's Antique Armour Boutique.
 13882 | D:10     | Bought a runed cloak for 270 gold pieces
 14096 | D:11     | Found a staircase to the Orcish Mines.
 14203 | D:11     | Noticed a brown ugly thing
 14215 | D:11     | Killed a brown ugly thing
 14215 | D:11     | Reached XP level 12. HP: 68/103 MP: 9/12
 14239 | D:11     | Noticed a four-headed hydra
 14569 | D:11     | Found a staircase to the Lair.
 14595 | D:11     | Noticed Grum
 14851 | D:10     | Killed Grum
 14935 | D:11     | Noticed a centaur warrior
 14948 | D:11     | Killed a centaur warrior
 14948 | D:11     | Reached skill level 11 in Fighting
 15284 | D:11     | Noticed a death yak
 15288 | D:11     | Noticed a death yak
 15289 | D:11     | Noticed a death yak
 15337 | D:11     | Killed a death yak
 15340 | D:11     | Killed a death yak
 15357 | D:11     | Killed a death yak
 15911 | D:11     | Killed a 13-headed hydra
 16675 | Orc:1    | Entered Level 1 of the Orcish Mines
 16722 | Orc:1    | Noticed Snorg
 16734 | Orc:1    | Killed Snorg
 17724 | Orc:2    | Entered Level 2 of the Orcish Mines
 17848 | Orc:2    | Reached ***** piety under Wu Jian
 17891 | Orc:2    | Found a roughly hewn altar of Beogh.
 17897 | Orc:2    | Found Waez's General Store.
 17908 | Orc:2    | Bought a potion of might for 64 gold pieces
 18042 | Orc:2    | Found a roughly hewn altar of Beogh.
 18159 | Orc:2    | Gained mutation: You are robust. (+10% HP) [demonic ancestry]
 18159 | Orc:2    | Reached XP level 13. HP: 91/123 MP: 13/13
 18179 | Orc:2    | Reached skill level 12 in Fighting
 18355 | Orc:2    | Found a staircase to the Elven Halls.
 18616 | Orc:2    | Found a roughly hewn altar of Beogh.
 18763 | Orc:2    | Reached skill level 5 in Shields
 18813 | Orc:2    | Noticed Saint Roka
 18858 | Orc:2    | HP: 1/124 [Saint Roka/divine providence (10)]
 19368 | Orc:2    | Found a roughly hewn altar of Beogh.
 19562 | Orc:2    | Found a roughly hewn altar of Beogh.
 19593 | Orc:2    | Found Veptaara's Distillery.
 19601 | Orc:2    | Bought a potion of resistance for 140 gold pieces
 19601 | Orc:2    | Bought a potion of curing for 42 gold pieces
 19601 | Orc:2    | Bought a potion of invisibility for 112 gold pieces
 19697 | Orc:2    | Found a roughly hewn altar of Beogh.
 19697 | Orc:2    | Found Luod Xaet's Antique Armour Boutique.
 19717 | Orc:2    | Killed Saint Roka
 19722 | Orc:2    | Found Wadghuol's Antique Weapon Shop.
 20382 | Elf:1    | Entered Level 1 of the Elven Halls
 21549 | Elf:1    | Noticed dvd's ghost (adept DEFE)
 22787 | D:12     | Reached skill level 13 in Fighting
 22952 | D:13     | Found Teub's Changing Room.
 23830 | D:14     | Found a shattered altar of Ashenzari.
 24009 | D:14     | Reached XP level 14. HP: 49/135 MP: 9/14
 25241 | D:13     | Slain by a 19-headed hydra

Vault maps used:
D:1:      lightli_arrival_farm
D:2:      fedhas_altar_3, first_bread, okawaru_gym_becter, uniq_robin,
          uniq_crazy_yiuf_cottage
D:3:      uniq_natasha, uniq_sigmund
D:4:      black_bear_nest_2, elyvilon_altar_4, eat_drink_and_be_merry_uskayaw,
          minmay_temple_entry_statues_pillars, lemuel_statue_altar
D:5:      tso_metal_star, st_stairs_8, uniq_edmund, uniq_grinder
D:6:      nicolae_whirlpool, ashenzari_conservatory_becter, serial_shops, shop
D:7:      serial_shops, shop, hangedman_decor_clover_reticule
D:8:      david_nohive_1
D:9:      nemelex_xobeh_ov_fountains_minmay, nicolae_ru_path_of_blood,
          minitemple, special_room
D:10:     basic_altar, serial_shops, nicolae_shop_waterfront, shop,
          nicolae_shop_crystal, kennysheep_little_box, nicolae_shop_behind_doors
D:11:     dpeg_lair_monsters, orc_0_dummy, minmay_misc_feat_more_columns,
          nicolae_zen_rock_garden, minmay_checkerbox, uniq_grum
D:12:     serial_corexii_hall, corexii_hall_statues_x, corexii_hall_statues_u,
          corexii_hall_statues_u, corexii_hall_statues_l, enter_bailey_2
D:13:     nicolae_transmutations_shop
D:14:     evilmike_library_of_no_secrets, erik_vaults_2, ashenzari_altar_1
Temple:   cyrus_circular_temple
Orc:1:    nicolae_orc_stony_grotto, guppyfry_library_mini, uniq_snorg
Orc:2:    grunt_orc_community_town_hall, grunt_orc_community_big_house_2,
          grunt_orc_community_big_house_2, grunt_orc_community_house_2,
          grunt_orc_community_house_1, grunt_orc_community_house_2,
          grunt_orc_community_house_3, grunt_orc_community_house_2
Elf:1:    elf_arrival_002, hangedman_elf_represent, grunt_ministairs_9,
          st_stairs_11, serial_sigils_hangedman_confine,
          hangedman_summoners_spam, uniq_aizul

Skill      XL: |  1  2  3  4  5  6  7  8  9 10 11 12 13 |
---------------+----------------------------------------+-----
Long Blades    | 3 4 5 6 8 9 10 11 12 | 12.6
Dodging        | 3 4 5 6 8 |  8.7
Armour         | 1 2 4 7 8 9 |  9.8
Fighting       | 3 4 5 6 8 9 10 11 13 | 13.3
Shields        | 2 4 7 |  7.3
Throwing       | |  1.7

Action                   |  1- 3 |  4- 6 |  7- 9 | 10-12 | 13-15 || total
-------------------------+-------+-------+-------+-------+-------++-------
Melee: Long sword        |    79 |    67 |   115 |       |   213 ||   474
       Falchion          |       |       |   214 |   940 |   705 ||  1859
Throw: Throwing net      |     9 |     1 |       |     1 |       ||    11
       Stone             |       |       |     6 |    12 |       ||    18
       Tomahawk          |       |       |       |    27 |    39 ||    66
Invok: Serpent's Lash    |       |       |       |     3 |     7 ||    10
       Heaven On Earth   |       |       |       |       |     1 ||     1
  Use: Scroll            |       |     7 |    10 |     6 |     7 ||    30
       Potion            |       |       |     1 |     1 |     8 ||    10
 Stab: Sleeping          |       |       |     3 |     9 |     2 ||    14
       Distracted        |       |       |     1 |     2 |       ||     3
       Invisible         |       |       |       |       |    12 ||    12
  Eat: Chunk             |     2 |     2 |     8 |     5 |     6 ||    23
       Bread ration      |       |     1 |       |     1 |     1 ||     3
       Meat ration       |       |     1 |     1 |     2 |       ||     4
       Royal jelly       |       |       |     2 |     3 |     6 ||    11
       Fruit             |       |       |       |     4 |     1 ||     5
Armor: Leather armour    |    31 |    17 |    12 |       |       ||    60
       Ring mail         |       |       |    79 |   228 |   192 ||   499
Dodge: Dodged            |    56 |    42 |   232 |   532 |   324 ||  1186
Block: Other             |       |       |       |    41 |       ||    41
       Shield            |       |       |       |    44 |   419 ||   463
       Reflection        |       |       |       |     3 |     9 ||    12
       Rpst.: Long sword |    12 |    14 |    20 |       |    14 ||    60
       Falchion          |       |       |    41 |   146 |    38 ||   225
